Unix NetHack Version 5.0.0-0 post-release - last build May 31 2026 23:59:36 (970b52f25bf058293b47ddfd14a1e40e571c508c,branch:main).

Game began 2026-06-02 06:50:39, ended 2026-06-02 07:17:16.

Kumikeijo, lawful female dwarven Valkyrie

      ------
      |..^.|
      |.^..|                                           ##########
      ....^.#########`                                 #-----   #
      |....|#                                          #|o.:|   #
      ---|--#                                          #|.@z|   #
         ###############`                              #|.'.----#
                ###        ##### ##                    #|@f.QB.|##
                  #  #############                     #|.dba.P.##
                  #--.-----------#                     #|..:s..|##
                  #->...........|#                   ###---.----
                   |...{(...`...|#####               `#
                   |............+#####-------.-     ####
                   |............|    #|.......|      #-+---------
                   --------------    #......`.|#  #  #|.........|
                                      |.....%..#######..........+
                                      ---------#      -----------

Kumikeijo the Skirmisher    St:18/02 Dx:11 Co:20 In:8 Wi:9 Ch:8  Lawful
Dlvl:8  $:96 HP:0(67) Pw:11(11) AC:-3 Xp:5 T:2650 

Latest messages:
 $ - 13 gold pieces (80 in total).
 There's some graffiti on the floor here.
 You read: "They say tha? ar altar ?an i?entify |?ess?ncs".
 You miss the rabid rat.
 The rabid rat bites!
 You kill the rabid rat!
 You hear water falling on coins.
 With great effort you move the boulder.
 You hear someone counting gold coins.
 Please move the cursor to a monster, object or location.
 (For instructions type a '?')
 You see here a statue of a cave spider.
 You see here a statue of a lizard.
 You see here a statue of a Woodland-elf.
 You see here 16 gold pieces.
 $ - 16 gold pieces (96 in total).
 You see here a statue of a violet fungus.
 You see here a statue of a straw golem.
 The statue comes to life!
 You hit the zruty!
 The zruty misses!
 The zruty misses!
 The zruty bites!
 You see here a statue of a violet fungus.
 You feel more confident in your weapon skills.
 (Tip: use the #enhance command to advance them.)
 You hit the zruty!
 You hit the zruty!
 You miss the zruty.
 The zruty misses!
 The zruty hits!
 The zruty bites!
 You hit the zruty!
 The zruty hits!
 The zruty hits again!
 The zruty bites!
 You miss the zruty.
 The zruty hits!
 The zruty misses!
 The zruty bites!
 You miss the zruty.
 The zruty hits!
 The zruty misses!
 The zruty bites!
 You die...
 Do you want your possessions identified? [ynq] (y) y
 Do you want to see your attributes? [ynq] (y) y
 Do you want an account of creatures vanquished? [ynaq] (y) y
 Do you want to see your conduct and achievements? [ynq] (y) y
 Do you want to see the dungeon overview? [ynq] (y) y

Inventory:
 Coins    ('$')
  $ - 96 gold pieces
 Weapons  (')')
  K - a +0 bow
  k - 3 +3 darts (at the ready)
  D - 10 +1 darts
  b - a +0 dagger
  a - a +1 dwarvish spear (weapon in right hand)
  A - a +0 spear
  F - a cursed +0 two-handed sword
 Armor    ('[')
  l - an uncursed rustproof +4 orcish helm (being worn)
  i - an uncursed +0 orcish helm
  c - an uncursed +3 small shield (being worn)
  r - an uncursed +1 studded leather armor (being worn)
 Comestibles  ('%')
  z - an uncursed carrot
  d - 2 uncursed food rations
  n - 2 uncursed fortune cookies
  G - an uncursed tripe ration
  h - 2 uncursed lichen corpses
 Scrolls  ('?')
  t - a blessed scroll of destroy armor
  s - a blessed scroll of enchant weapon
  o - a cursed scroll of enchant weapon
  L - an uncursed scroll of food detection
  w - an uncursed scroll of gold detection
 Spellbooks  ('+')
  H - an uncursed spellbook of healing
  f - an uncursed spellbook of slow monster
 Potions  ('!')
  B - an uncursed potion of confusion
  u - a blessed potion of gain energy
  g - 2 uncursed potions of healing
  j - an uncursed potion of water
 Wands    ('/')
  J - a wand of locking (0:6)
 Tools    ('(')
  y - an uncursed blindfold
  E - an uncursed blindfold
  e - an uncursed brass lantern
  v - an uncursed leash
 Gems/Stones  ('*')
  I - an uncursed aquamarine stone
  p - an uncursed jade stone
  q - an uncursed worthless piece of green glass

Kumikeijo the Valkyrie's attributes:

Background:
 You were a Skirmisher, a level 5 dwarven Valkyrie.
 You were lawful, nominally on a mission for Tyr
 who was opposed by Odin (neutral) and Loki (chaotic).
 You were right-handed.
 You were in the Dungeons of Doom, on level 8.
 You entered the dungeon 2650 turns ago.
 There was a full moon in effect when your adventure ended.
 You had 208 experience points, 112 more were needed to attain level 6.

Basics:
 You had 0 out of 67 hit points.
 You had all 11 energy points (spell power).
 Your armor class was -3.
 Your wallet contained 96 zorkmids.
 Autopickup was off.

Final Characteristics:
 Your strength was 18/02 (limit:18/100).
 Your dexterity was 11 (limit:20).
 Your constitution was 20 (limit:20).
 Your intelligence was 8 (limit:16).
 Your wisdom was 9 (limit:16).
 Your charisma was 8 (limit:16).

Final Status:
 You weren't hungry.
 You were unencumbered.
 You were wielding a spear.
 You had basic skill with spear and could have enhanced that.

Final Attributes:
 You were piously aligned.
 You were cold resistant.
 You were telepathic.
 You had infravision.
 You were stealthy.
 You were warded.
 You were lucky.
 You are dead.

Miscellaneous:
 You didn't encounter any bones levels.
 Total elapsed playing time was 26 minutes and 36 seconds.

Major events:
 Turn
    1: Kumikeijo the lawful dwarven Valkyrie entered the dungeon
  750: entered the Gnomish Mines
  933: attained the rank of Skirmisher (level 3)
 2650: killed by a zruty

You didn't know any spells.

Skills:
 Fighting Skills
   bare handed combat [Unskilled]
   two weapon combat  [Unskilled]
   riding             [Unskilled]
 Weapon Skills
   dagger             [Basic]
   axe                [Unskilled]
   pick-axe           [Unskilled]
   short sword        [Unskilled]
   broadsword         [Unskilled]
   long sword         [Unskilled]
   two-handed sword   [Unskilled]
   saber              [Unskilled]
   hammer             [Unskilled]
   quarterstaff       [Unskilled]
   polearms           [Unskilled]
   spear              [Basic]
   trident            [Unskilled]
   lance              [Unskilled]
   sling              [Unskilled]
 Spellcasting Skills
   attack spells      [Unskilled]
   escape spells      [Unskilled]

Voluntary challenges:
 Character rerolling was not enabled.
 You were an atheist.
 You never genocided any monsters.
 You never polymorphed an object.
 You never changed form.
 You used no wishes.
Achievements:
 You entered the Gnomish Mines.
 You attained the rank of Skirmisher.
 You entered a shop.

 The Dungeons of Doom: levels 1 to 9
    Level 1:
    Level 2: "vault"
       A food shop, a fountain.
       Stairs down to The Gnomish Mines.
    Level 3:
       A fountain.
    Level 4: "vault"
    Level 5:
       Some fountains.
    Level 6:
       A fountain.
    Level 8: <- You were here.
       A fountain.
       Final resting place for
          you, killed by a zruty.
    Level 9:
 The Gnomish Mines:
    Level 3:


Vanquished creatures:
  a small mimic
  a rock piercer
  3 floating eyes
  a kitten
  a homunculus
  2 rabid rats
  2 orc zombies
  a dwarf zombie
  4 iguanas
 an acid blob
  a giant rat
  a cave spider
  a yellow mold
  a gnome
  4 geckos
 10 jackals
  2 foxes
  2 kobolds
  2 goblins
  3 grid bugs
  3 lichens
  a kobold zombie
  7 newts
55 creatures vanquished.

No species were genocided or became extinct.

Game over:
                       ----------
                      /          \
                     /    REST    \
                    /      IN      \
                   /     PEACE      \
                  /                  \
                  |    Kumikeijo     |
                  |      96 Au       |
                  |   killed by a    |
                  |      zruty       |
                  |                  |
                  |                  |
                  |       2026       |
                 *|     *  *  *      | *
        _________)/\\_//(\/(/\)/\//\/|_)_______

Farvel Kumikeijo the Valkyrie...

You died in The Dungeons of Doom on dungeon level 8 with 1319 points,
and 96 pieces of gold, after 2650 moves.
You were level 5 with a maximum of 67 hit points when you died.

